 Dungeon Crawl Stone Soup version 0.30-a0-1016-gfb0d676c02 (webtiles) character file.

Game seed: 4922091191979355140

45451 Malachi the Marksghoul (level 14, -1/121 HPs)
             Began as a Ghoul Hunter on Apr 7, 2023.
             Was a High Priest of Hepliaklqana.
             Slain by a large slime creature (16 damage)
             ... on level 13 of the Dungeon.
             The game lasted 00:33:03 (16983 turns).

Malachi the Marksghoul (Ghoul Hunter)              Turns: 16983, Time: 00:33:04

Health: -1/121     AC: 16    Str: 16    XL:     14   Next: 33%
Magic:  0/25       EV: 16    Int:  4    God:    Hepliaklqana [*****.]
Gold:   916        SH:  0    Dex: 16    Spells: 13/13 levels left

rFire   + . .      SeeInvis .    H - +2 longbow (heavy)
rCold   + . .      Faith    .    (shield currently unavailable)
rNeg    + + +      Spirit   +    d - +4 ring mail "Deninece" {rF+}
rPois   ∞          Reflect  .    c - +2 hat
rElec   .          Rampage  .    D - +0 cloak
rCorr   .                        t - +2 pair of gloves
Will    +....                    E - +0 pair of boots
Stlth   +                        N - amulet of guardian spirit
HPRegen 0.00/turn                L - ring of magical power
MPRegen 0.19/turn                I - +5 ring of evasion

@: inhibited regen
A: reduced essence, claws 1, cold resistance 1, negative energy resistance 3,
inhibited regeneration, torment resistance 2, devour on kill
a: Renounce Religion, Recall Ancestor, Ancestor Identity, Transference, Idealise


You were on level 13 of the Dungeon.
You worshipped Hepliaklqana.
Hepliaklqana was extremely pleased with you.
You visited 2 branches of the dungeon, and saw 15 of its levels.
You also visited: Sewer and Bailey.

You collected 1468 gold pieces.
You spent 552 gold pieces at shops.

Inventory:

Hand Weapons
 H - a +2 heavy longbow (weapon)
Missiles
 h - 34 boomerangs
 m - 61 poisoned darts
 K - 8 datura-tipped darts
Armour
 c - a +2 hat (worn)
 d - the +4 ring mail "Deninece" (worn) {rF+}
   (You bought it in a shop on level 6 of the Dungeon)

   rF:        It protects you from fire.
 e - a +2 robe of cold resistance
 t - a +2 pair of gloves (worn)
 C - +0 acid dragon scales
 D - a +0 cloak (worn)
 E - a +0 pair of boots (worn)
Jewellery
 i - a ring of ice
 l - an amulet of regeneration
 F - a +6 ring of intelligence
 I - a +5 ring of evasion (right hand)
 L - a ring of magical power (left hand)
 N - an amulet of guardian spirit (around neck)
Wands
 a - a wand of iceblast (4)
 j - a wand of light (2)
 o - a wand of digging (4)
 u - a wand of paralysis (14)
 y - a wand of flame (20)
Scrolls
 b - 3 scrolls of immolation
 k - 4 scrolls of magic mapping
 p - 4 scrolls of enchant armour
 v - 3 scrolls of fog
 A - a scroll of teleportation
 B - a scroll of silence
 G - 2 scrolls of brand weapon
 M - 3 scrolls of poison
Potions
 f - 2 potions of magic
 g - 9 potions of curing
 n - a potion of resistance
 q - a potion of invisibility
 r - 3 potions of flight
 w - a potion of brilliance
 x - a potion of cancellation
 J - 2 potions of ambrosia
Miscellaneous
 z - a lightning rod (4/4)


   Skills:
 + Level 15.3 Fighting
 - Level 18.0 Ranged Weapons
 - Level 1.7 Dodging
 - Level 1.1 Stealth
 + Level 4.2 Invocations


You had 13 spell levels left.
You didn't know any spells.
Your spell library contained the following spells:

 Spells                   Type           Power      Damage    Failure   Level
 Apportation              Tloc           0%         N/A       73%         1
 Shock                    Conj/Air       0%         1d3       73%         1
 Lesser Beckoning         Tloc           0%         N/A       86%         2
 Gell's Gravitas          Tloc           0%         N/A       97%         3
 Inner Flame              Hex/Fire       0%         N/A       97%         3
 Swiftness                Air            0%         N/A       97%         3
 Teleport Other           Tloc           0%         N/A       97%         3
 Vhi's Electric Charge    Tloc/Air       0%         N/A       97%         3
 Airstrike                Air            0%         2d(0-16)  100%        4
 Animate Dead             Necr           0%         N/A       100%        4
 Flame Wave               Conj/Fire      0%         2d4       100%        4
 Petrify                  Tmut/Erth      0%         N/A       100%        4
 Sticky Flame             Conj/Fire      0%         2d3       100%        4
 Alistair's Intoxication  Tmut/Pois      0%         N/A       100%        5
 Arcjolt                  Conj/Air       0%         1d10      100%        5
 Borgnjor's Vile Clutch   Necr/Erth      0%         N/A       100%        5
 Iskenderun's Battlesphe  Conj           0%         2d6       100%        5
 Metabolic Englaciation   Hex/Ice        0%         N/A       100%        5
 Death Channel            Necr           0%         N/A       100%        6
 Iron Shot                Conj/Erth      0%         9d1       100%        6
 Spellforged Servitor     Conj/Summ      0%         N/A       100%        7
 Summon Hydra             Summ           0%         N/A       100%        7
 Maxwell's Capacitive Co  Air            0%         ∞         100%        8
 Sublimation of Blood     Necr           Unusable   N/A       N/A         2
 Wereblood                Tmut           Unusable   N/A       N/A         2
 Statue Form              Tmut/Erth      Unusable   N/A       N/A         6

Dungeon Overview and Level Annotations

Branches:
Dungeon (14/15)            Temple (1/1) D:5            Lair (0/5) D:10
    Orc (0/2) D:10         Vaults (0/5) D:13          Sewer (visited)
 Bailey (visited)

Altars:
Ashenzari
Cheibriados
Dithmenos
Fedhas
Gozag
Hepliaklqana
Kikubaaqudgha
Makhleb
Nemelex Xobeh
Okawaru
Qazlal
Ru
Sif Muna
Trog
Uskayaw
Vehumet
Wu Jian
Xom
Yredelemnul

Shops:
D:4 :   D:6 [   D:9 *   D:10 [   D:13 (   D:14 **

Annotations:
D:10 3 runed translucent doors, exclusion: 3 doors, morax's ghost, journeyman OpFi
D:14 2 transporters, Odeis's ghost, journeyman OpCK


Innate Abilities, Weirdness & Mutations

Your life essence is reduced to manifest your ancestor. (-10% HP)
You are immune to poison.
You have sharp fingernails.
Your flesh is cold resistant. (rC+)
You are immune to negative energy. (rN+++)
You do not regenerate when monsters are visible.
You are immune to unholy pain and torment.
You thrive by killing the living.


Message History

The enormous slime creature attacks as you move away!
The enormous slime creature closely misses you.
There is an open door here.
The slime creature quivers.
You are too injured to fight recklessly!
You are too injured to fight recklessly!
You are too injured to fight recklessly!
The enormous slime creature attacks as you move away!
The enormous slime creature closely misses you.
There is a stone staircase leading up here.
The enormous slime creature barely misses you.
You climb upwards.
There is a stone staircase leading down here.
Unknown command.
The enormous slime creature attacks as you move away!
The enormous slime creature hits you but does no damage.
Okay, then.
Okay, then.
You feel much better.
The enormous slime creature hits you!!!!
Ouch! That really hurt!
* * * LOW HITPOINT WARNING * * *
Unknown command.
Fire: H) +2 longbow (heavy)
Press: ? - help, Q - select action, (/) - cycle Shift-Dir - straight line, f - enormous slime creature
Aim: an enormous slime creature (severely wounded, 88% to hit)
You shoot an arrow.
The arrow hits the enormous slime creature!!!
The enormous slime creature is almost dead.
An enormous slime creature splits.
Fire: H) +2 longbow (heavy)
Press: ? - help, Q - select action, (/) - cycle Shift-Dir - straight line, f/p - large slime creature
Aim: a large slime creature (almost dead, 88% to hit)
You shoot an arrow.
The arrow barely misses the large slime creature.
The large slime creature closely misses you.
The large slime creature barely misses you.
Okay, then.
You feel much better. The large slime creature hits you!
You die...

....#.#..#......####.######.####.
#####.####...####..#.#.........#.
.............#.....#)#.......<.#.
.............#....[#.#....)....#.
..######'###.#.....[.#.........#.
..#........#.#.....#.#.........#.
..#........#.#>....#.#.........#.
..#........#.#..JJ.#.#.........#.
..##########.#..@..#.#'#...g####.
.....).......#.....#...#....#....
.............#######...'....#....
.......................'....#.###
.......................#....#.#.#
##'###.)........#...#..'....#.#..
#....#...)8...8...8.+..#....#.#..
#.)..'..)...#...#...#..#.####.#..
.....#.....###.###............#..


You could see 2 large slime creatures.

Vanquished Creatures
  Jorgrun (D:13)
  Nessos (D:13)
  2 hydras (D:13)
  2 boulder beetles
  Erica (D:9)
  A centaur warrior (D:13)
  2 two-headed ogres
  A tengu warrior (D:13)
  5 skeletal warriors
  An orc knight (Bailey)
  A deep elf pyromancer (D:12)
  6 cyclopes
  3 manticores
  7 ugly things
  Joseph (D:8)
  A gargoyle (D:12)
  A kobold demonologist (D:13)
  An efreet (D:14)
  A tengu conjurer (D:13)
  5 meliai (D:13)
  3 trolls
  A hornet (D:8)
  11 slime creatures (D:13)
  Sigmund (D:3)
  5 wraiths
  3 yaks (D:11)
  A vampire (D:11)
  2 humans (D:7)
  2 fire elementals (D:13)
  A basilisk (D:12)
  9 vampire mosquitoes
  3 steam dragons
  4 water moccasins
  3 acid dragons
  5 hell hounds (D:13)
  2 black bears (D:6)
  7 orc warriors
  2 ice beasts
  3 sky beasts
  2 centaurs
  3 ogres
  10 kobold brigands
  7 bullfrogs
  A gnoll sergeant (D:7)
  3 scorpions
  20 wights
  15 killer bees
  3 howler monkeys (D:7)
  A crimson imp (D:8)
  A hound (D:6)
  4 orc priests
  Crazy Yiuf (D:6)
  2 jellies
  4 iguanas
  A sleepcap (D:7)
  5 orc wizards
  3 gnolls
  16 adders
  A river rat (Sewer)
  4 shadow imps
  2 white imps
  2 ufetubi
  5 worms
  7 dart slugs
  46 orcs
  10 ball pythons
  4 endoplasms
  2 giant cockroaches
  5 goblins
  6 hobgoblins
  8 jackals (D:4)
  16 kobolds
  2 quokkas
  9 bats
  5 frilled lizards
  8 rats
356 creatures vanquished.

Vanquished Creatures (collateral kills)
  Azrael (D:13)
  A wizard (D:13)
  2 cyclopes
  A meliai (D:13)
  2 slime creatures (D:13)
  A wraith (D:7)
  A fire elemental (D:13)
  A vampire mosquito (D:12)
  Menkaure (D:7)
  An orc warrior (Bailey)
  A kobold brigand (Bailey)
  A bullfrog (D:10)
  A wight (D:9)
  A howler monkey (D:11)
  A gnoll (D:7)
  3 orcs
  2 kobolds (Bailey)
22 creatures vanquished.

Vanquished Creatures (others)
  A slime creature (D:13)
  A bullfrog (D:10)
  5 ancestors
  11 knights
  An orc (D:9)
  32 fungi
  32 plants
83 creatures vanquished.

Grand Total: 461 creatures vanquished

Notes
Turn   | Place    | Note
-------+----------+-------------------------------------------
     0 | D:1      | Malachi the Ghoul Hunter began the quest for the Orb.
     0 | D:1      | Reached XP level 1. HP: 17/17 MP: 0/0
   106 | D:1      | Reached skill level 4 in Ranged Weapons
   106 | D:1      | Reached XP level 2. HP: 24/24 MP: 1/1
   326 | D:1      | Reached XP level 3. HP: 29/29 MP: 2/2
   774 | D:2      | You fall into a shaft and drop 2 floors!
   780 | D:4      | Reached skill level 5 in Ranged Weapons
   780 | D:4      | Reached XP level 4. HP: 36/36 MP: 3/3
   784 | D:4      | Found a transporter.
   840 | D:4      | Noticed a scorpion
   848 | D:4      | Killed a scorpion
   849 | D:4      | Reached XP level 5. HP: 34/41 MP: 4/4
   891 | D:4      | Found a glowing drain.
   926 | Sewer    | Entered a sewer
   952 | Sewer    | Noticed a kobold brigand
   952 | Sewer    | Noticed a kobold brigand
   969 | Sewer    | Killed a kobold brigand
   970 | Sewer    | Reached skill level 6 in Ranged Weapons
   981 | Sewer    | Killed a kobold brigand
   982 | Sewer    | Reached XP level 6. HP: 12/48 MP: 5/5
  1252 | Sewer    | Reached skill level 7 in Ranged Weapons
  1297 | Sewer    | Reached XP level 7. HP: 20/55 MP: 6/6
  1663 | Sewer    | Reached skill level 8 in Ranged Weapons
  2137 | D:3      | Found a broken altar of Ashenzari.
  2633 | D:3      | Found a basalt altar of Yredelemnul.
  3080 | D:3      | Noticed Sigmund
  3087 | D:3      | Killed Sigmund
  3088 | D:3      | Reached XP level 8. HP: 63/63 MP: 7/7
  3517 | D:4      | Found a bloodstained altar of Trog.
  3561 | D:4      | Found a stormy altar of Qazlal.
  3595 | D:4      | Reached skill level 9 in Ranged Weapons
  3607 | D:4      | Found a snail-covered altar of Cheibriados.
  3608 | D:4      | Found a sacrificial altar of Ru.
  3623 | D:4      | Found Veteif's Tremendous Tomes.
  3719 | D:4      | Found a transporter.
  4196 | D:5      | Entered Level 5 of the Dungeon
  4693 | D:5      | Found a staircase to the Ecumenical Temple.
  5321 | D:5      | Noticed a two-headed ogre
  5333 | D:5      | Killed a two-headed ogre
  5334 | D:5      | Reached skill level 5 in Fighting
  5334 | D:5      | Reached skill level 10 in Ranged Weapons
  5334 | D:5      | Reached XP level 9. HP: 18/74 MP: 8/8
  5659 | Temple   | Entered the Ecumenical Temple
  5814 | Temple   | Became a worshipper of Hepliaklqana the Forgotten
  5967 | D:6      | Found Hahigic's Antique Armour Shoppe.
  5976 | D:6      | Bought a warped robe for 148 gold pieces
  5976 | D:6      | Identified the +0 robe of the Devil's Advocate {Dex+3} (You
                  | bought it in a shop on level 6 of the Dungeon)
  6095 | D:6      | Found an ornate altar of the Wu Jian Council.
  6249 | D:6      | Found a runed translucent door.
  6250 | D:6      | Noticed Crazy Yiuf
  6259 | D:6      | Killed Crazy Yiuf
  6331 | D:6      | Reached skill level 11 in Ranged Weapons
  6755 | D:6      | Reached * piety under Hepliaklqana
  6891 | D:7      | Noticed Menkaure
  6896 | D:7      | Killed Menkaure
  7104 | D:7      | Found a sparkling altar of Nemelex Xobeh.
  7215 | D:7      | Reached XP level 10. HP: 77/77 MP: 9/9
  7235 | D:7      | Found an iron altar of Okawaru.
  7255 | D:7      | Reached skill level 12 in Ranged Weapons
  7313 | D:7      | Reached ** piety under Hepliaklqana
  7842 | D:8      | Found a flagged portal.
  7892 | Bailey   | Entered a bailey
  7999 | Bailey   | Noticed an orc knight
  8026 | Bailey   | Killed an orc knight
  8126 | Bailey   | Found a bloodstained altar of Trog.
  8289 | D:8      | Noticed Joseph
  8303 | D:8      | Killed Joseph
  8304 | D:8      | Reached skill level 13 in Ranged Weapons
  8651 | D:8      | Found an opulent altar of Gozag.
  8693 | D:8      | Found a burning altar of Makhleb.
  8694 | D:8      | Found a shimmering altar of Xom.
  8731 | D:8      | Reached XP level 11. HP: 87/87 MP: 10/10
  9421 | D:9      | Found Zuruneh's Assorted Antiques.
  9429 | D:9      | Bought a scroll labelled FOKHOJ JUJYTISUFUE for 26 gold
                  | pieces
  9694 | D:9      | Remembered your ancestor Lucius as a knight
  9844 | D:6      | Bought a crude ring mail for 234 gold pieces
  9844 | D:6      | Identified the +4 ring mail "Deninece" {rF+} (You bought it
                  | in a shop on level 6 of the Dungeon)
  9940 | D:9      | Reached *** piety under Hepliaklqana
 10062 | D:9      | Noticed Erica
 10067 | D:9      | Killed Erica
 10068 | D:9      | Reached skill level 14 in Ranged Weapons
 10391 | D:10     | Entered Level 10 of the Dungeon
 10391 | D:10     | Noticed a cyclops
 10431 | D:10     | Killed a cyclops
 10432 | D:10     | Reached skill level 10 in Fighting
 10446 | D:10     | Noticed a cyclops
 10506 | D:10     | Found a staircase to the Lair.
 10701 | D:10     | Found Baal's Dragon-Slaying Spoils.
 10848 | D:10     | Found a staircase to the Orcish Mines.
 10892 | D:10     | Noticed morax's ghost (journeyman OpFi)
 10892 | D:10     | Noticed a 12-headed hydra
 10893 | D:10     | Found a runed translucent gate.
 10893 | D:10     | Found a runed translucent gate.
 10893 | D:10     | Found a runed translucent gate.
 10906 | D:10     | Killed a cyclops
 11406 | D:11     | Noticed a manticore
 11414 | D:11     | Killed a manticore
 11849 | D:11     | Reached **** piety under Hepliaklqana
 11905 | D:11     | Identified the +0 robe "Teogeit" {Harm rC- Regen+}
 12424 | D:11     | Reached skill level 16 in Ranged Weapons
 12424 | D:11     | Reached XP level 12. HP: 97/97 MP: 11/11
 12464 | D:12     | Reached XP level 13. HP: 85/104 MP: 12/12
 12960 | D:12     | Reached skill level 17 in Ranged Weapons
 13626 | D:13     | Noticed Jorgrun
 13770 | D:13     | Reached ***** piety under Hepliaklqana
 14146 | D:13     | Killed Jorgrun
 14219 | D:13     | Noticed Nessos
 14226 | D:13     | Killed Nessos
 14366 | D:13     | Reached skill level 18 in Ranged Weapons
 14464 | D:13     | Noticed Azrael
 14471 | D:13     | Killed Azrael
 15070 | D:13     | Found Jiosu's Antique Weapon Shop.
 15467 | D:13     | Found a gate to the Vaults.
 15829 | D:14     | Reached XP level 14. HP: 118/118 MP: 13/13
 15949 | D:14     | Reached skill level 1 in Invocations
 15968 | D:14     | Found Waamopp's General Store.
 15971 | D:14     | Found Jifauc's General Store.
 15976 | D:14     | Bought a potion of heal wounds for 90 gold pieces
 15976 | D:14     | Bought a scroll of teleportation for 54 gold pieces
 16053 | D:14     | Found a transporter.
 16055 | D:14     | Noticed Odeis's ghost (journeyman OpCK)
 16059 | D:14     | Noticed a tengu reaver
 16097 | D:14     | Found a transporter.
 16232 | D:13     | Reached skill level 15 in Fighting
 16980 | D:13     | HP: 2/121 [enormous slime creature (62)]
 16983 | D:13     | Slain by a large slime creature

Illustrated notes

Levels and vault maps discovered:
D:1:      nicolae_arrival_somewhat_less_tricky_arrival, layout_loops_ring
D:2:      layout_rooms
D:3:      layout_basic, nicolae_tso_carved_into_rock,
          nicolae_ashenzari_skybound, general_overflow_altar, uniq_sigmund
D:4:      gammafunk_wand_slinger, layout_cave_pods, lemuel_round_altar,
          kennysheep_mini, mainiacjoe_overflow_divided_tiny,
          cheibrodos_sewer_entry_bend, nicolae_shop_i_like_big_books
D:5:      layout_layer_cave, minmay_temple_entry_sparse_star
D:6:      layout_loops_ring, mainiacjoe_overflow_tiny_flanked, serial_shops,
          nicolae_shop_crystal, uniq_crazy_yiuf_cottage
D:7:      layout_gridville, okawaru_humans, nicolae_overflow_crystal_walls,
          uniq_menkaure
D:8:      layout_basic, grunt_temple_overflow_champion_of_chaos,
          marbit_many_paths, enter_bailey_4, uniq_joseph
D:9:      layout_basic, kennysheep_little_box, serial_shops,
          nicolae_stop_n_shop_2, uniq_erica
D:10:     layout_loops_ring, due_lair_maze_entry_diamond, hiddenorc1_lemuel,
          gammafunk_ghost_hydra_chop, nicolae_shop_dragon_depot,
          eino_small_chamber_without_monster
D:11:     layout_loops_corners
D:12:     layout_basic
D:13:     layout_irregular_city, david_vaults_4, serial_shops, shop,
          minmay_misc_feat_four_crosses, minivault_16, uniq_azrael, uniq_nessos,
          uniq_jorgrun
D:14:     layout_loops_corners, serial_shops, shop, shop, shop,
          nicolae_shop_crystal, minmay_misc_feat_plants, gammafunk_ghost_arena
Temple:   hellmonk_temple_forest_ring

Skill      XL: |  1  2  3  4  5  6  7  8  9 10 11 12 13 14 |
---------------+-------------------------------------------+-----
Ranged Weapons | 4 5 6 7 8 10 11 13 16 18 | 18.0
Fighting       | 3 5 7 9 10 11 14 15 | 15.3
Invocations    | 4 |  4.2
Dodging        | |  1.7
Stealth        | |  1.1

Action                     |  1- 3 |  4- 6 |  7- 9 | 10-12 | 13-15 || total
---------------------------+-------+-------+-------+-------+-------++-------
   Fire: Shortbow          |    75 |   128 |   412 |       |       ||   615
         Longbow           |       |       |    44 |   362 |   310 ||   716
 Invoke: Ancestor Life: Kn |       |       |       |     1 |       ||     1
  Evoke: Wand              |       |       |     5 |    16 |    12 ||    33
    Use: Scroll            |       |     1 |     9 |    11 |    11 ||    32
         Potion            |       |       |     4 |     5 |     7 ||    16
 Armour: Leather armour    |    11 |    15 |    28 |    24 |       ||    78
         Robe              |       |       |    23 |    61 |       ||    84
         Acid dragon scale |       |       |       |     7 |       ||     7
         Ring mail         |       |       |       |     6 |    59 ||    65
  Dodge: Dodged            |    35 |    41 |   131 |   141 |   114 ||   462

Table legend: (Time is in decaauts)
 A = Elapsed time spent in this place.
 B = Non-inter-level travel time spent in this place.
 C = Inter-level travel time spent in this place.
 D = Time resting spent in this place.
 E = Time spent auto-exploring this place.
 F = Levels seen in this place.
 G = Mean time per level.
                   A        B        C        D        E       F      G
               +--------+--------+--------+--------+--------+-----+--------+
         Total |  17343 |  16199 |   1144 |   3280 |   9696 |  17 | 1020.2 |
       Dungeon |  15612 |  14494 |   1118 |   2743 |   8984 |  14 | 1115.1 |
        Temple |    170 |    145 |     25 |      0 |    135 |   1 |  170.0 |
         Sewer |   1249 |   1249 |      0 |    475 |    512 |   1 | 1249.0 |
        Bailey |    310 |    310 |      0 |     62 |     64 |   1 |  310.0 |
               +--------+--------+--------+--------+--------+-----+--------+

Top non-repeatable levels by time:
    D:13: 2298 daAuts
     D:8: 1526 daAuts
     D:5: 1358 daAuts
    D:11: 1340 daAuts
    D:12: 1262 daAuts
   Sewer: 1249 daAuts
     D:4: 1177 daAuts
     D:7: 1051 daAuts
     D:6: 940 daAuts
     D:3: 881 daAuts
    D:14: 866 daAuts
    D:10: 828 daAuts
     D:9: 786 daAuts
     D:1: 694 daAuts
     D:2: 600 daAuts
